 Dungeon Crawl Stone Soup version 0.28.0-53-g5a82cb258f (webtiles) character file.

Game seed: 15786071319530913527

5387 DocClef the Blocker (level 10, -18/82 HPs)
             Began as a Gnoll Fighter on June 28, 2022.
             Shot with an arrow by a centaur warrior (21 damage)
             ... on level 9 of the Dungeon.
             The game lasted 00:11:01 (10548 turns).

DocClef the Blocker (Gnoll Fighter)                Turns: 10548, Time: 00:11:02

Health: -18/82     AC: 15    Str: 19    XL:     10   Next: 66%
Magic:  18/18      EV:  9    Int:  7    God:
Gold:   447        SH:  6    Dex: 13    Spells: 20/20 levels left

rFire   . . .      SeeInvis .   k - +2 broad axe (flame)
rCold   + . .      Faith    .   c - +0 buckler
rNeg    . . .      Spirit   .   p - +2 chain mail {rC+}
rPois   +          Reflect  .   w - +0 helmet
rElec   .          Harm     .   D - +0 cloak
rCorr   .          Rampage  .   (no gloves)
Will    .....                   (no boots)
Stlth   ..........              (no amulet)
HPRegen 0.23/turn               e - ring of poison resistance
MPRegen 0.16/turn               (no ring)

@: no status effects
A: fangs 1, strong nose, distributed training
a: no special abilities


You were on level 9 of the Dungeon.
You visited 1 branch of the dungeon, and saw 9 of its levels.

You collected 447 gold pieces.

Inventory:

Hand Weapons
 d - a +4 flail of holy wrath
 k - a +2 broad axe of flaming (weapon)
 l - a +2 vorpal mace
Missiles
 o - a throwing net
 B - 5 javelins (quivered)
Armour
 c - a +0 buckler (worn)
 p - a +2 chain mail of cold resistance (worn)
 u - a +0 plate armour of fire resistance
 w - a +0 helmet (worn)
 y - +0 acid dragon scales
 D - a +0 cloak (worn)
Jewellery
 e - a ring of poison resistance (left hand)
 r - an amulet of magic regeneration
Wands
 x - a wand of iceblast (4)
 A - a wand of digging (9)
Scrolls
 f - 3 scrolls of enchant weapon {unknown}
 g - a scroll of summoning {unknown}
 h - 3 scrolls of teleportation {unknown}
 i - 4 scrolls of identify {unknown}
 n - 4 scrolls of immolation {unknown}
 q - a scroll of amnesia {unknown}
 s - 2 scrolls of noise {unknown}
 t - a scroll of blinking {unknown}
 E - a scroll of torment {unknown}
Potions
 b - a potion of berserk rage {unknown}
 j - 2 potions of degeneration {unknown}
 m - a potion of invisibility
 v - a potion of heal wounds {unknown}
 z - 2 potions of ambrosia {unknown}
 C - 2 potions of curing {unknown}
 F - a potion of resistance {unknown}


   Skills:
 + Level 8.6 Fighting
 + Level 5.5 Short Blades
 + Level 5.5 Long Blades
 + Level 5.5 Axes
 + Level 7.2 Maces & Flails
 + Level 5.5 Polearms
 + Level 5.5 Staves
 + Level 5.5 Slings
 + Level 5.5 Bows
 + Level 5.5 Crossbows
 + Level 5.5 Throwing
 + Level 8.6 Armour
 + Level 5.5 Dodging
 + Level 5.5 Stealth
 + Level 8.6 Shields
 + Level 5.5 Unarmed Combat
 + Level 5.5 Spellcasting
 + Level 4.5 Conjurations
 + Level 4.5 Hexes
 + Level 4.5 Summonings
 + Level 4.5 Necromancy
 + Level 4.5 Translocations
 + Level 4.5 Transmutations
 + Level 4.5 Fire Magic
 + Level 4.5 Ice Magic
 + Level 4.5 Air Magic
 + Level 4.5 Earth Magic
 + Level 4.5 Poison Magic
 + Level 6.0 Invocations
 + Level 5.5 Evocations


You had 20 spell levels left.
You didn't know any spells.
Your spell library contained the following spells:

 Spells                   Type           Power      Damage    Failure   Level
 Ozocubu's Armour         Ice            8%         N/A       78%         3
 Summon Ice Beast         Ice/Summ       8%         N/A       99%         4
 Summon Mana Viper        Hex/Summ       8%         N/A       100%        5
 Monstrous Menagerie      Summ           4%         N/A       100%        7
 Ozocubu's Refrigeration  Ice            4%         4d5       100%        7


Dungeon Overview and Level Annotations

Branches:
Dungeon (9/15)             Temple (0/1) D:5
   Lair: D:8-11         Orc: D:9-12

Altars:
Fedhas
Vehumet

Shops:
D:2 (


Innate Abilities, Weirdness & Mutations

You have very sharp teeth.
Your uncanny sense of smell can sniff out nearby items.
Your experience applies equally to all skills.


Message History

The slime creature quivers.
The centaur warrior shouts!
A wight comes into view.
It is wielding a +2 long sword of electrocution.
The orc closely misses you.
An acid dragon comes into view.
You closely miss the wight. You barely miss the orc.
The acid dragon roars!
You block the wight's attack.
A centaur zombie comes into view.
Unknown command.
You slash the slime creature! You burn the slime creature.
The slime creature is moderately wounded.
You slash the orc wizard! You burn the orc wizard.
The orc wizard closely misses you.
A wight comes into view. It is wielding a +4 great sword.
You hit the orc wizard. You burn the orc wizard.
You kill the orc wizard!
You barely miss the slime creature. The slime creature closely misses you.
The centaur warrior wields a +0 shortbow.
The centaur warrior shoots an arrow.
You block the arrow. The slime creature hits you.
You slash the slime creature! You burn the slime creature.
The slime creature is moderately wounded.
You hit the two-headed ogre but do no damage.
The two-headed ogre hits you with a +0 giant spiked club!!
The two-headed ogre closely misses you.
The slime creature completely misses you.
Unknown command.
The centaur warrior shoots an arrow.
The arrow hits you!
The centaur warrior shoots an arrow.
The arrow hits you!
The orc wizard gestures wildly while chanting.
The orc wizard flickers and vanishes!
Deactivating autopickup; reactivate with Ctrl-A.
The centaur warrior shoots an arrow.
The arrow hits you!
* * * LOW HITPOINT WARNING * * *
The centaur warrior shoots an arrow.
The arrow hits you!
* * * LOW HITPOINT WARNING * * *
The centaur warrior shoots an arrow.
You block the arrow.
The centaur warrior shoots an arrow.
The arrow hits you!!
You die...

######## #......#
######## #......#
####......###......#
#.....##..c........###
#.##..@.J.O.o.........
#.##..#######....######
#.##>.# #........{o.zz.
#.##..# #...#....#)##.z
#.##..# ###.#....#.z...
#.##..# #..#####.##..
#.##..# ##.# #.. .
#.....# #.# #.. ###...#
#.# #...


You could see a slime creature, a centaur warrior, a two-headed ogre and an orc.

Vanquished Creatures
  A two-headed ogre (D:7)
  Pikel (D:6)
  Maggie (D:7)
  A troll (D:8)
  A vampire (D:6)
  3 yaks (D:5)
  Menkaure (D:4)
  Edmund (D:4)
  A water moccasin (D:6)
  4 orc warriors
  The ghost of bchevrier the Skirmisher, an amateur GnWn of Jiyva (D:5)
  2 black bears
  2 necrophages (D:6)
  2 phantoms
  2 ogres
  A wolf (D:8)
  A kobold brigand (D:8)
  A gnoll sergeant (D:4)
  2 scorpions
  3 water moccasin skeletons
  5 killer bees (D:8)
  A howler monkey (D:6)
  2 bullfrog zombies
  9 hounds
  4 orc priests
  A bullfrog skeleton (D:5)
  A centaur skeleton (D:5)
  Jessica (D:3)
  An iguana (D:6)
  Terence (D:3)
  3 orc wizards (D:9)
  A hound skeleton (D:4)
  15 gnolls
  2 howler monkey skeletons
  7 adders
  A white imp (D:5)
  An ufetubus (D:5)
  4 worms
  3 dart slugs
  26 orcs
  9 bats
  6 endoplasms
  5 giant cockroaches
  11 goblins
  25 hobgoblins
  15 jackals
  15 kobolds
  5 quokkas
  6 ball pythons
  A frilled lizard (D:2)
  7 rats
226 creatures vanquished.

Vanquished Creatures (others)
  10 plants
10 creatures vanquished.

Grand Total: 236 creatures vanquished

Notes
Turn   | Place    | Note
-------+----------+-------------------------------------------
     0 | D:1      | DocClef the Gnoll Fighter began the quest for the Orb.
     0 | D:1      | Reached XP level 1. HP: 23/23 MP: 1/1
   195 | D:1      | Reached XP level 2. HP: 23/29 MP: 2/2
   518 | D:1      | Reached XP level 3. HP: 24/35 MP: 3/3
   767 | D:1      | Found a faded altar of an unknown god.
   786 | D:1      | Reached skill level 1 in Invocations
  1528 | D:2      | Found Miraxt's Antique Weapon Shop.
  1601 | D:1      | Reached skill level 1 in Short Blades
  1601 | D:1      | Reached skill level 1 in Long Blades
  1601 | D:1      | Reached skill level 1 in Axes
  1601 | D:1      | Reached skill level 1 in Polearms
  1601 | D:1      | Reached skill level 1 in Staves
  1601 | D:1      | Reached skill level 1 in Slings
  1601 | D:1      | Reached skill level 1 in Bows
  1601 | D:1      | Reached skill level 1 in Crossbows
  1601 | D:1      | Reached skill level 1 in Throwing
  1601 | D:1      | Reached skill level 1 in Dodging
  1601 | D:1      | Reached skill level 1 in Stealth
  1601 | D:1      | Reached skill level 1 in Unarmed Combat
  1601 | D:1      | Reached skill level 1 in Spellcasting
  1601 | D:1      | Reached skill level 1 in Evocations
  1880 | D:2      | Reached XP level 4. HP: 26/41 MP: 5/5
  1949 | D:2      | Noticed a black bear
  2090 | D:3      | Noticed a scorpion
  2102 | D:3      | Killed a scorpion
  2103 | D:3      | Reached skill level 1 in Conjurations
  2103 | D:3      | Reached skill level 1 in Hexes
  2103 | D:3      | Reached skill level 1 in Summonings
  2103 | D:3      | Reached skill level 1 in Necromancy
  2103 | D:3      | Reached skill level 1 in Translocations
  2103 | D:3      | Reached skill level 1 in Transmutations
  2103 | D:3      | Reached skill level 1 in Fire Magic
  2103 | D:3      | Reached skill level 1 in Ice Magic
  2103 | D:3      | Reached skill level 1 in Air Magic
  2103 | D:3      | Reached skill level 1 in Earth Magic
  2103 | D:3      | Reached skill level 1 in Poison Magic
  2103 | D:3      | Reached XP level 5. HP: 34/47 MP: 5/7
  2124 | D:3      | Noticed Jessica
  2133 | D:3      | Killed Jessica
  2241 | D:3      | Noticed Terence
  2254 | D:3      | Killed Terence
  3279 | D:2      | Reached XP level 6. HP: 47/53 MP: 8/8
  3423 | D:2      | Killed a black bear
  3424 | D:2      | Reached skill level 5 in Maces & Flails
  3926 | D:4      | Reached XP level 7. HP: 30/59 MP: 10/10
  4284 | D:4      | Noticed Edmund
  4518 | D:4      | Killed Edmund
  5012 | D:4      | Found a blossoming altar of Fedhas.
  5046 | D:4      | Found a radiant altar of Vehumet.
  5095 | D:4      | Noticed Menkaure
  5100 | D:4      | Killed Menkaure
  5101 | D:4      | Reached XP level 8. HP: 67/67 MP: 12/12
  5283 | D:5      | Entered Level 5 of the Dungeon
  5580 | D:5      | Found a runed translucent gate.
  5580 | D:5      | Found a runed translucent gate.
  5580 | D:5      | Found a runed translucent gate.
  5582 | D:5      | Noticed bchevrier's ghost (amateur GnWn)
  5622 | D:5      | Killed bchevrier's ghost
  5867 | D:5      | Found a staircase to the Ecumenical Temple.
  6063 | D:5      | Noticed a yak
  6063 | D:5      | Noticed a yak
  6063 | D:5      | Noticed a yak
  6078 | D:5      | Killed a yak
  6088 | D:5      | Killed a yak
  6089 | D:5      | Reached XP level 9. HP: 26/73 MP: 14/14
  6595 | D:6      | Noticed Pikel
  6614 | D:6      | Killed Pikel
  7164 | D:6      | Reached skill level 5 in Invocations
  7643 | D:6      | Identified the +4 whip "Yhuo" {vorpal, rPois rC+ rN+ Dex+4}
  7815 | D:7      | Reached XP level 10. HP: 47/80 MP: 17/17
  7974 | D:7      | Noticed a two-headed ogre
  7982 | D:7      | Killed a two-headed ogre
  7983 | D:7      | Reached skill level 5 in Short Blades
  7983 | D:7      | Reached skill level 5 in Long Blades
  7983 | D:7      | Reached skill level 5 in Axes
  7983 | D:7      | Reached skill level 5 in Polearms
  7983 | D:7      | Reached skill level 5 in Staves
  7983 | D:7      | Reached skill level 5 in Slings
  7983 | D:7      | Reached skill level 5 in Bows
  7983 | D:7      | Reached skill level 5 in Crossbows
  7983 | D:7      | Reached skill level 5 in Throwing
  7983 | D:7      | Reached skill level 5 in Dodging
  7983 | D:7      | Reached skill level 5 in Stealth
  7983 | D:7      | Reached skill level 5 in Unarmed Combat
  7983 | D:7      | Reached skill level 5 in Spellcasting
  7983 | D:7      | Reached skill level 5 in Evocations
  8363 | D:7      | Noticed Maggie
  8371 | D:7      | Killed Maggie
  9391 | D:8      | Noticed a two-headed ogre
 10530 | D:9      | Noticed a two-headed ogre
 10532 | D:9      | Noticed a centaur warrior
 10547 | D:9      | HP: 3/82 [centaur warrior/arrow (14)]
 10548 | D:9      | Shot with an arrow by a centaur warrior

Illustrated notes

Levels and vault maps discovered:
D:1:      amcnicky_arrival_abandoned_market, layout_loops_ring,
          ebering_ecumenical_altar_sacrificial, serial_bayou_pond_b
D:2:      layout_rooms, serial_shops, nicolae_shop_window_shopping, minivault_25
D:3:      minmay_skewed_foursquare, layout_basic, roderic_roman_lattice,
          minivault_26, uniq_jessica, uniq_terence
D:4:      layout_cave_pods, kennysheep_mini_moat, vehumet_crystals, uniq_edmund,
          uniq_menkaure
D:5:      layout_gridville, minmay_temple_entry_large_hall,
          gammafunk_ghost_necromancy
D:6:      corexii_shantytown, layout_loops_cross, corexii_hall_statues_l,
          uniq_pikel
D:7:      layout_cave_pods, uniq_maggie
D:8:      hangedman_cross_veins, layout_basic, erik_lair_island, uniq_grum
D:9:      minmay_tri_box, layout_rooms

Skill      XL: |  1  2  3  4  5  6  7  8  9 10 |
---------------+-------------------------------+-----
Invocations    | 1 2 3 4 5 6 |  6.0
Short Blades   | 1 2 3 4 5 |  5.5
Long Blades    | 1 2 3 4 5 |  5.5
Axes           | 1 2 3 4 5 |  5.5
Polearms       | 1 2 3 4 5 |  5.5
Staves         | 1 2 3 4 5 |  5.5
Slings         | 1 2 3 4 5 |  5.5
Bows           | 1 2 3 4 5 |  5.5
Crossbows      | 1 2 3 4 5 |  5.5
Throwing       | 1 2 3 4 5 |  5.5
Dodging        | 1 2 3 4 5 |  5.5
Stealth        | 1 2 3 4 5 |  5.5
Unarmed Combat | 1 2 3 4 5 |  5.5
Spellcasting   | 1 2 3 4 5 |  5.5
Evocations     | 1 2 3 4 5 |  5.5
Conjurations   | 1 2 3 4 |  4.5
Hexes          | 1 2 3 4 |  4.5
Summonings     | 1 2 3 4 |  4.5
Necromancy     | 1 2 3 4 |  4.5
Translocations | 1 2 3 4 |  4.5
Transmutations | 1 2 3 4 |  4.5
Fire Magic     | 1 2 3 4 |  4.5
Ice Magic      | 1 2 3 4 |  4.5
Air Magic      | 1 2 3 4 |  4.5
Earth Magic    | 1 2 3 4 |  4.5
Poison Magic   | 1 2 3 4 |  4.5
Maces & Flails | 5 6 7 |  7.2
Fighting       | 7 8 |  8.6
Armour         | 7 8 |  8.6
Shields        | 7 8 |  8.6

Action                   |  1- 3 |  4- 6 |  7- 9 | 10-12 || total
-------------------------+-------+-------+-------+-------++-------
Melee: Flail             |   144 |    78 |   311 |    13 ||   546
       Bite              |    12 |    14 |    41 |     7 ||    74
       Mace              |       |    59 |    32 |       ||    91
       Broad axe         |       |       |       |   113 ||   113
Throw: Javelin           |       |       |     8 |     5 ||    13
Evoke: Wand              |       |       |       |     3 ||     3
  Use: Potion            |       |       |     1 |       ||     1
Armor: Scale mail        |    89 |       |       |       ||    89
       Plate armour      |     5 |   118 |    13 |       ||   136
       Chain mail        |       |       |   135 |    74 ||   209
Dodge: Dodged            |    73 |    36 |   135 |    59 ||   303
Block: Buckler           |    39 |    56 |    75 |    50 ||   220
